 Dungeon Crawl Stone Soup version 0.22.1-1-ga44c0e56f4 (webtiles) character file.

1045 Peloso the Slasher (level 8, 0/69 HPs)
             Began as a Minotaur Fighter on Oct 21, 2018.
             Slain by an orc warrior
             ... wielding a +0 long sword
              (15 damage)
             ... on level 6 of the Dungeon.
             The game lasted 00:09:42 (4942 turns).

Peloso the Slasher (Minotaur Fighter)               Turns: 4942, Time: 00:09:43

Health: 0/69       AC: 11    Str: 21    XL:     8   Next: 4%
Magic:  7/7        EV:  7    Int:  5    God:
Gold:   289        SH: 10    Dex: 12    Spells: 7/7 levels left

rFire    . . .     SeeInvis .   a - +0 long sword
rCold    + . .     Gourm    .   c - +0 shield
rNeg     . . .     Faith    .   b - +1 chain mail {rC+}
rPois    .         Spirit   .   (helmet restricted)
rElec    .         Reflect  .   (no cloak)
rCorr    .         Harm     .   (no gloves)
MR       .....                  (no boots)
Stlth    ..........             (no amulet)
HPRegen  0.21/turn              k - ring of stealth
MPRegen  0.10/turn              (no ring)

@: no status effects
A: retaliatory headbutt, horns 2
a: no special abilities


You were on level 6 of the Dungeon.
You were hungry.

You visited 1 branch of the dungeon, and saw 6 of its levels.
You also visited: Ossuary.

You collected 289 gold pieces.

Inventory:

Hand Weapons
 a - a +0 long sword (weapon)
 h - a +2 dagger of flaming
Armour
 b - a +1 chain mail of cold resistance (worn)
 c - a +0 shield (worn)
Jewellery
 k - a ring of stealth (left hand)
Wands
 i - a wand of polymorph (16)
 u - a wand of clouds (4)
Scrolls
 e - a scroll of identify
 g - 6 scrolls of teleportation
 j - 2 scrolls of holy word {unknown}
 m - a scroll of random uselessness {unknown}
 q - a scroll of fog {unknown}
 r - 3 scrolls of remove curse {unknown}
 w - a scroll of amnesia {unknown}
Potions
 d - a potion of might
 l - 5 potions of haste
 n - a potion of ambrosia {unknown}
 o - a potion of heal wounds
 p - a potion of invisibility
 s - 2 potions of curing
 t - a potion of flight
 v - a potion of agility {unknown}
Comestibles
 f - 9 rations
 x - 2 chunks of flesh


   Skills:
 + Level 5.4 Fighting
 + Level 7.0 Long Blades
 + Level 6.5 Armour
 + Level 2.1 Dodging
 + Level 6.4 Shields


You had 7 spell levels left.
You didn't know any spells.
Your spell library was empty.

Dungeon Overview and Level Annotations

Branches:
Dungeon (6/15)
 Temple: D:4-7

Altars:
Ashenzari
Kikubaaqudgha
Trog
Zin


Innate Abilities, Weirdness & Mutations

You reflexively headbutt those who attack you in melee.
You have a pair of horns on your head.


Message History

You destroy the killer bee zombie!
The orc wizard casts a spell at you. The magic dart hits you!
Unknown command.
You slash the jackal!
You kill the jackal!
The orc wizard gestures wildly while chanting.
The orc wizard seems to speed up.
The jackal barely misses you.
You closely miss the jackal. Your headbutt misses the jackal.
The orc wizard mumbles some strange words.
The orc wizard blinks!
The jackal barely misses you. You furiously retaliate!
You headbutt the jackal!
You kill the jackal!
The orc warrior hits you with a long sword!
* * * LOW HITPOINT WARNING * * *
You slash the jackal!
You kill the jackal!
The centaur shoots an arrow.
The arrow hits you but does no damage.
The orc warrior hits you with a long sword!
You die...

#.# #.#....((h†hh.....
#.# #.....(######.....
#.#####)......## ...
#.##.........W.# #
#.##.####...o#.# #.##)#
##...#c# ###.##.#
#.o.#.# ....##.##
##..o#†#
........###....{@###
##.............#o..####.
#.###..####..##).......
#.# #..# #..##...####.
#<# #..# #..##..## #.#
#..# #............ #..
...# ##.#########.
######.# #.# #.#


You could see a phantom, an orc warrior, a centaur, an orc wizard and an orc.

Vanquished Creatures
  An ogre (D:4)
  A scorpion (D:2)
  A vampire bat (D:4)
  A crimson imp (D:5)
  A bullfrog zombie (D:5)
  4 hounds
  An orc priest (D:5)
  2 centaur zombies (Ossuary)
  Ijyb (D:5)
  3 orc wizards
  2 iguanas
  3 worker ants
  A killer bee zombie (D:6)
  3 big kobold zombies (Ossuary)
  A hound skeleton (D:4)
  5 mummies
  8 adders
  An ooze (D:4)
  4 worms
  3 dart slugs
  5 leopard geckos
  11 orcs
  12 bats
  2 bat skeletons (D:4)
  2 bat zombies (D:4)
  2 giant cockroaches
  5 goblins
  6 hobgoblins
  10 jackals
  2 quokkas
  5 frilled lizards
  A goblin zombie (D:5)
  3 hobgoblin zombies (Ossuary)
  13 kobolds
  An orc zombie (D:5)
  9 rats
136 creatures vanquished.

Notes
Turn   | Place    | Note
-------+----------+-------------------------------------------
     0 | D:1      | Peloso the Minotaur Fighter began the quest for the Orb.
     0 | D:1      | Reached XP level 1. HP: 19/19 MP: 0/0
   214 | D:1      | Reached XP level 2. HP: 12/27 MP: 1/1
   392 | D:1      | You fall through a shaft!
   400 | D:2      | Reached XP level 3. HP: 17/33 MP: 2/2
  1114 | D:2      | Noticed a scorpion
  1125 | D:2      | HP: 1/33 [poisoned by a scorpion]
  1125 | D:2      | Killed a scorpion
  1125 | D:2      | Reached skill level 3 in Long Blades
  1125 | D:2      | Reached XP level 4. HP: 2/40 MP: 3/3
  1427 | D:2      | Reached skill level 5 in Armour
  1472 | D:2      | Found a glowing silver altar of Zin.
  1891 | D:2      | Reached skill level 1 in Dodging
  1995 | D:3      | Reached XP level 5. HP: 37/47 MP: 4/4
  2590 | D:3      | Reached skill level 4 in Long Blades
  2748 | D:4      | Reached XP level 6. HP: 48/53 MP: 5/5
  2790 | D:4      | Reached skill level 5 in Shields
  2876 | D:4      | Found a shattered altar of Ashenzari.
  2920 | D:4      | Found a bloodstained altar of Trog.
  3049 | D:4      | Reached skill level 5 in Long Blades
  3311 | D:4      | Found an ancient bone altar of Kikubaaqudgha.
  3394 | D:5      | Entered Level 5 of the Dungeon
  3405 | D:5      | Reached XP level 7. HP: 53/60 MP: 6/6
  3646 | D:5      | Found a sand-covered staircase.
  3652 | Ossuary  | Entered an ossuary
  3671 | Ossuary  | Reached skill level 6 in Long Blades
  3886 | Ossuary  | Reached skill level 5 in Fighting
  4080 | D:5      | Noticed Ijyb
  4088 | D:5      | Killed Ijyb
  4916 | D:6      | Reached skill level 7 in Long Blades
  4925 | D:6      | Reached XP level 8. HP: 40/68 MP: 7/7
  4942 | D:6      | Slain by an orc warrior

Skill      XL: |  1  2  3  4  5  6  7 |
---------------+----------------------+-----
Fighting       | 4 5 |  5.4
Armour         | 4 5 6 |  6.5
Shields        | 4 5 6 |  6.4
Long Blades    | 3 4 5 7 |  7.0
Dodging        | 1 2 |  2.1

Action                   |  1- 3 |  4- 6 |  7- 9 || total
-------------------------+-------+-------+-------++-------
Melee: Long sword        |    85 |   200 |   142 ||   427
       Headbutt          |     6 |    32 |    42 ||    80
  Use: Potion            |       |     1 |     1 ||     2
       Scroll            |       |       |     9 ||     9
  Eat: Chunk             |       |     8 |     5 ||    13
Armor: Scale mail        |    47 |    41 |       ||    88
       Chain mail        |       |    43 |    71 ||   114
Dodge: Dodged            |    34 |    49 |    29 ||   112
Block: Shield            |    59 |   124 |    72 ||   255
       Rpst.: Long sword |     7 |    11 |     9 ||    27
